 Dungeon Crawl Stone Soup version 0.30-a0-23-ge60ba3568b (webtiles) character file.

Game seed: 15966365245727531568

132 ponyjar the Sneak (level 5, -1/35 HPs)
             Began as an Octopode Brigand on Aug 25, 2022.
             Was an Initiate of Kikubaaqudgha.
             Succumbed to a water moccasin's poison
             ... on level 3 of the Dungeon.
             The game lasted 00:01:43 (2882 turns).

ponyjar the Sneak (Octopode Brigand)                Turns: 2882, Time: 00:01:43

Health: -1/35      AC:  1    Str: 10    XL:     5   Next: 15%
Magic:  5/5        EV: 13    Int: 15    God:    Kikubaaqudgha [......]
Gold:   145        SH:  0    Dex: 14    Spells: 4/4 levels left

rFire   . . .      SeeInvis .    a - +2 dagger
rCold   . . .      Faith    .    (no shield)
rNeg    . . .      Spirit   .    (helmet restricted)
rPois   .          Reflect  .    (no amulet)
rElec   .          Harm     .    (no ring)
rCorr   .          Rampage  .    (no ring)
Will    .....                    (no ring)
Stlth   +++++.....               (no ring)
HPRegen 0.11/turn                (no ring)
MPRegen 0.09/turn                (no ring)
                                 (no ring)
                                 (no ring)

@: mighty, lethally poisoned (-1 -> -16)
A: almost no armour, amphibious, 8 rings, camouflage 1, gelatinous body 1,
(nimble swimmer 1), tentacles
a: Renounce Religion


You were on level 3 of the Dungeon.
You worshipped Kikubaaqudgha.
Kikubaaqudgha was noncommittal.
You visited 1 branch of the dungeon, and saw 3 of its levels.

You collected 145 gold pieces.

Inventory:

Hand Weapons
 a - a +2 dagger (weapon)
Missiles
 b - 15 poisoned darts (quivered)
 c - 3 curare-tipped darts
 d - a throwing net
Armour
 m - a +0 kite shield
Magical Staves
 h - a staff of air
Scrolls
 f - a scroll of identify {unknown}
 g - 3 scrolls of teleportation {unknown}
 j - a scroll of poison {unknown}
 k - a scroll of silence {unknown}
 l - a scroll of immolation {unknown}
Potions
 e - a potion of might
 i - a potion of curing


   Skills:
 - Level 2.4 Fighting
 + Level 2.8 Short Blades
 - Level 2.1 Throwing
 - Level 1.6 Dodging
 * Level 7.6 Stealth
 * Level 0.0 Necromancy


You had 4 spell levels left.
You didn't know any spells.
Your spell library was empty.

Dungeon Overview and Level Annotations

Branches:
Dungeon (3/15)

Altars:
Kikubaaqudgha


Innate Abilities, Weirdness & Mutations

You cannot wear most types of armour.
You are amphibious.
You can wear up to eight rings at the same time.
Your skin changes colour to match your surroundings (Stealth+).
Your rubbery body absorbs attacks. (AC +1, EV +1)
((You are camouflaged when in or above water. (Stealth+)))
You have tentacles for arms and can constrict up to eight enemies at once.


Message History

It was a potion of might.
You feel very mighty all of a sudden.
You feel sick. The water moccasin misses you.
Okay, then.
You closely miss the water moccasin. Your grab misses the water moccasin.
You feel sick. The water moccasin barely misses you.
Unknown command.
You closely miss the water moccasin. Your grab misses the water moccasin.
You feel sick. The water moccasin bites you.
* * * LOW HITPOINT WARNING * * *
Unknown command.
You barely miss the water moccasin. You grab the water moccasin.
You constrict the water moccasin.
You feel sick. The water moccasin closely misses you.
The water moccasin bites you.
* * * LOW HITPOINT WARNING * * *
Unknown command.
It was a potion of curing.
You feel better.
You constrict the water moccasin. The water moccasin bites you.
You puncture the water moccasin!
The water moccasin is moderately wounded.
You constrict the water moccasin. The water moccasin closely misses you.
You hit the water moccasin.
The water moccasin is severely wounded.
You constrict the water moccasin. The water moccasin bites you.
* * * LOW HITPOINT WARNING * * *
You are lethally poisoned!
The water moccasin poisons you!
Unknown command.
You hit the water moccasin.
The water moccasin is severely wounded.
You constrict the water moccasin.
* * * LOW HITPOINT WARNING * * *
You feel very sick. The water moccasin closely misses you.
Unknown command.
You puncture the water moccasin!
You kill the water moccasin!
Kikubaaqudgha accepts your kill.
You die...
Kikubaaqudgha rasps: "You have failed me!
Welcome... death!"

## ###### #.##....# #
.......# #. ......#
#..##....######## ###
#.....<..##.....# #..
....#....##.....# #..
.......@........#### #..
....#.#............###..
. .#...................
....>..!...........###
....##........#...###§.
.... #........#.....#..
... #........#...#....
## ###........#...###..
#.$........#...# #☼.


There were no monsters in sight!

Vanquished Creatures
  A water moccasin (D:3)
  Jessica (D:3)
  An orc wizard (D:3)
  2 adders
  3 worms
  A dart slug (D:2)
  5 orcs (D:3)
  A ball python (D:1)
  2 bats
  4 endoplasms
  A giant cockroach (D:3)
  5 goblins
  3 hobgoblins
  4 jackals (D:1)
  5 kobolds
  A quokka (D:3)
  2 frilled lizards
  5 rats
47 creatures vanquished.

Notes
Turn   | Place    | Note
-------+----------+-------------------------------------------
     0 | D:1      | ponyjar the Octopode Brigand began the quest for the Orb.
     0 | D:1      | Reached XP level 1. HP: 14/14 MP: 1/1
   256 | D:1      | Reached XP level 2. HP: 19/19 MP: 2/2
   683 | D:1      | Reached skill level 6 in Stealth
  1045 | D:2      | Reached XP level 3. HP: 24/24 MP: 3/3
  1350 | D:2      | Found a faded altar of an unknown god.
  2164 | D:3      | Reached XP level 4. HP: 14/29 MP: 4/4
  2343 | D:3      | Reached skill level 7 in Stealth
  2783 | D:3      | Found an ancient bone altar of Kikubaaqudgha.
  2794 | D:3      | Became a worshipper of Kikubaaqudgha
  2798 | D:3      | Noticed Jessica
  2803 | D:3      | Killed Jessica
  2804 | D:3      | Reached XP level 5. HP: 35/35 MP: 5/5
  2846 | D:3      | Noticed a water moccasin
  2882 | D:3      | Killed a water moccasin
  2882 | D:3      | Succumbed to a water moccasin's poison

Illustrated notes

Levels and vault maps discovered:
D:1:      dpeg_arrival_short_road, layout_basic
D:2:      layout_basic, shapermc_ecumenical_altar_mp_vishouse
D:3:      layout_basic, nicolae_kikubaaqudgha_miasma_corner,
          palyth_stone_intersect, uniq_jessica

Skill      XL: |  1  2  3  4 |
---------------+-------------+-----
Stealth        | 6 7 |  7.6
Fighting       | |  2.4
Short Blades   | |  2.8
Throwing       | |  2.1
Dodging        | |  1.6

Action                   |  1- 3 |  4- 6 || total
-------------------------+-------+-------++-------
Melee: Dagger            |    48 |    41 ||    89
       Tentacles         |     6 |     5 ||    11
       Constrict         |     3 |     9 ||    12
       Punch             |     1 |       ||     1
  Use: Potion            |       |     2 ||     2
 Stab: Sleeping          |    20 |     3 ||    23
       Distracted        |     1 |       ||     1
Armor: Skin              |     2 |     3 ||     5
Dodge: Dodged            |     9 |    21 ||    30

Table legend: (Time is in decaauts)
 A = Elapsed time spent in this place.
 B = Non-inter-level travel time spent in this place.
 C = Inter-level travel time spent in this place.
 D = Time resting spent in this place.
 E = Time spent auto-exploring this place.
 F = Levels seen in this place.
 G = Mean time per level.
                   A        B        C        D        E       F      G
               +--------+--------+--------+--------+--------+-----+--------+
         Total |   2871 |   2767 |    104 |    247 |   2176 |   3 |  957.0 |
       Dungeon |   2871 |   2767 |    104 |    247 |   2176 |   3 |  957.0 |
               +--------+--------+--------+--------+--------+-----+--------+

Top non-repeatable levels by time:
     D:1: 1014 daAuts
     D:2: 990 daAuts
     D:3: 866 daAuts
